 Dungeon Crawl Stone Soup version 0.24-a0-250-g6074511 (webtiles) character file.

Game seed: 3990622265455844091

28511 Borgoz the Slicer (level 13, -1/86 HPs)
             Began as a Kobold Gladiator on Apr 14, 2019.
             Was a Believer of Ashenzari.
             Slain by Agnes
             ... wielding a +3 vampiric lajatang
              (23 damage)
             ... on level 14 of the Dungeon.
             The game lasted 00:42:21 (11527 turns).

Borgoz the Slicer (Kobold Gladiator)               Turns: 11527, Time: 00:42:21

Health: -1/86      AC: 14    Str: 15    XL:     13   Next: 74%
Magic:  13/13      EV: 26    Int: 18    God:    Ashenzari [**....]
Gold:   598        SH:  0    Dex: 18    Spells: 12/12 levels left

rFire    . . .     SeeInvis .   a - +4 dagger (elec)
rCold    . . .     Gourm    .   (shield restricted)
rNeg     . . .     Faith    .   F - +0 steam dragon scales
rPois    +         Spirit   .   c - +0 helmet
rElec    .         Reflect  .   (no cloak)
rCorr    .         Harm     .   y - +1 pair of gloves of Ynimeleq {rPois Int+7 Slay+2}
MR       .....                  E - +2 pair of boots of the Assassin {Detection Stab+ Stlth++}
Stlth    ++++......             l - amulet of regeneration
HPRegen  0.64/turn              i - +2 ring of intelligence
MPRegen  0.13/turn              Q - ring of poison resistance

@: no status effects
A: small, carnivore
a: Curse Item, Scrying, Renounce Religion


You were on level 14 of the Dungeon.
You worshipped Ashenzari.
Ashenzari was pleased with you.
You were completely stuffed.

You visited 2 branches of the dungeon, and saw 15 of its levels.
You also visited: Gauntlet.

You collected 816 gold pieces.
You spent 218 gold pieces at shops.

Inventory:

Hand Weapons
 a - a +4 dagger of electrocution (weapon)
 b - a +5 rapier of holy wrath
 z - a +3 dagger
 I - a +0 rapier of piercing
Armour
 c - a +0 helmet (worn)
 t - +0 acid dragon scales
 v - the cursed +1 scale mail "Fynk" {Dex+2}
   (You found it in a Gauntlet)

   It affects your dexterity (+2).
   It has a curse placed upon it.
 y - the +1 pair of gloves of Ynimeleq (worn) {rPois Int+7 Slay+2}
   (You bought it in a shop on level 5 of the Dungeon)

   It affects your intelligence (+7).
   It affects your accuracy and damage with ranged weapons and melee attacks
   (+2).
   It protects you from poison.
 C - +0 fire dragon scales
 E - the +2 pair of boots of the Assassin (worn) {Detection Stab+ Stlth++}
   (You found it in a Gauntlet)

   It makes you much more stealthy.
 F - +0 steam dragon scales (worn)
 J - a +2 chain mail of cold resistance
 N - a +0 troll leather armour
 O - the +1 pair of boots of the Sparrow {-Cast Dex+6}
   (You found it in a Gauntlet)

   It affects your dexterity (+6).
   It prevents spellcasting.
 P - a +1 ring mail of fire resistance
Jewellery
 g - an uncursed ring of protection from fire
 i - a +2 ring of intelligence (left hand)
 l - an amulet of regeneration (around neck)
 D - an uncursed amulet of the acrobat
 H - an uncursed ring of ice
 Q - a ring of poison resistance (right hand)
 V - an uncursed ring of resist corrosion
Wands
 j - a wand of flame (51)
 k - a wand of acid (6)
 m - a wand of random effects (21)
 x - a wand of paralysis (5)
 U - a wand of polymorph (7)
Scrolls
 n - 9 scrolls of remove curse
 o - 3 scrolls of teleportation
 q - 2 scrolls of fear
 s - 4 scrolls of fog
 u - 3 scrolls of magic mapping
 w - 4 scrolls of enchant weapon
 K - a scroll of enchant armour
 W - a scroll of torment {unknown}
Potions
 e - 7 potions of brilliance
 h - 4 potions of mutation
 p - a potion of magic
 r - a potion of cancellation
 B - a potion of might
 G - a potion of resistance
 L - 2 potions of curing
 M - a potion of agility
 R - a potion of haste
 S - a potion of invisibility {unknown}
 T - a potion of flight
Comestibles
 d - 2 chunks of flesh
 f - 30 rations


   Skills:
 + Level 12.2 Fighting
 + Level 14.5 Short Blades
 - Level 2.1 Throwing
 + Level 9.5 Armour
 + Level 13.5 Dodging


You had 12 spell levels left.
You didn't know any spells.
Your spell library contained the following spells:

 Spells                   Type           Power        Failure   Level  Hunger
 Animate Skeleton         Necr           N/A          22%         1    ##.....
 Apportation              Tloc           #.....       22%         1    ##.....
 Beastly Appendage        Tmut           #.....       22%         1    ##.....
 Confusing Touch          Hex            #.....       22%         1    ##.....
 Magic Dart               Conj           #...         22%         1    ##.....
 Pain                     Necr           #...         22%         1    ##.....
 Summon Small Mammal      Summ           #...         22%         1    ##.....
 Blink                    Tloc           N/A          32%         2    ###....
 Call Imp                 Summ           #.......     32%         2    ###....
 Poisonous Vapours        Pois/Air       #.....       32%         2    ###....
 Slow                     Hex            #.......     32%         2    ###....
 Sticks to Snakes         Tmut           #.......     32%         2    ###....
 Call Canine Familiar     Summ           #.......     54%         3    ####...
 Conjure Flame            Conj/Fire      #.......     54%         3    ####...
 Mephitic Cloud           Conj/Pois/Air  #.......     54%         3    ####...
 Regeneration             Chrm/Necr      #.........   54%         3    ####...
 Spider Form              Tmut/Pois      #.........   54%         3    ####...
 Summon Guardian Golem    Hex/Summ       #.......     54%         3    ####...
 Vampiric Draining        Necr           #.........   54%         3    ####...
 Animate Dead             Necr           N/A          91%         4    #####..
 Ice Form                 Ice/Tmut       #.......     91%         4    #####..
 Summon Ice Beast         Ice/Summ       #.......     91%         4    #####..
 Summon Lightning Spire   Summ/Air       #.......     91%         4    #####..
 Blade Hands              Tmut           #.........   99%         5    ######.
 Freezing Cloud           Conj/Ice/Air   #.........   100%        6    #######
 Ring of Flames           Chrm/Fire      #.........   100%        7    #######


Dungeon Overview and Level Annotations

Branches:
Dungeon (14/15)            Temple (1/1) D:7            Lair (0/6) D:11
    Orc (0/2) D:9          Vaults (0/5) D:14

Altars:
Ashenzari
Cheibriados
Dithmenos
Fedhas
Gozag
Hepliaklqana
Kikubaaqudgha
Makhleb
Nemelex Xobeh
Okawaru
Qazlal
Ru
Sif Muna
Trog
Uskayaw
Vehumet
Wu Jian
Yredelemnul
Zin
The Shining One

Shops:
D:5 }[   D:6 }**   D:9 !   D:14 !*

Annotations:
D:14 Agnes, Frances


Innate Abilities, Weirdness & Mutations

You are small and have problems with some larger weapons.
You are carnivorous and can eat meat at any time.


Message History

Evoke which item? (* to show all) (? for menu, Esc to quit)
You don't have any such object.
Evoke which item? (* to show all) (? for menu, Esc to quit)
Aiming: Paralyse
Press: ? - help, Shift-Dir - straight line, f - Agnes
Aim: Agnes, wielding a +3 vampiric lajatang and wearing a +0 robe (severely wounded, chance to defeat MR: 1%)
Okay, then.
Okay, then.
You barely miss Agnes.
Agnes is severely wounded.
Agnes misses you.
You hit Agnes.
Agnes is severely wounded.
You miss Agnes.
Agnes is severely wounded.
Agnes misses you.
You closely miss Agnes.
Agnes is severely wounded.
Agnes hits you with a +3 vampiric lajatang!!
You die...

*#...# #.# #.........#...# *
##(..#####.# #.............#
.(.........# #.............##.
##(..(†........#####..PP......
* #..#####......# ##.P∩P......
#(.# #......# #...PP...##. *
#..# #......# #....(...# #..#
#......####...##...# #(.#
#.......@i{...# ...# , ##))#
##########....# ...# ,
()))#*** #####.....# , ###.#
,, , **, , #..... ,* # ### ,
,, *, , #... # *{ , * * , #.#
, # **, ** *.# # * * , , * *,
* ### , * ,


You could see Agnes.

Vanquished Creatures
  A minotaur (Gauntlet)
  A catoblepas (D:13)
  A centaur warrior (D:13)
  6 two-headed ogres
  A wolf spider zombie (D:12)
  7 ugly things
  An oklob plant (D:11)
  2 moths of wrath (Gauntlet)
  A manticore (D:14)
  A cyclops (D:13)
  Psyche (D:10)
  A redback zombie (D:14)
  2 hornets
  2 trolls
  8 slime creatures
  5 hippogriffs
  Sigmund (D:2)
  A shadow (D:13)
  6 redbacks (Gauntlet)
  A wyvern (D:11)
  A ynoxinul (Gauntlet)
  15 yaks
  Grum (D:8)
  A steam dragon (D:9)
  7 vampire mosquitoes
  A hungry ghost (D:13)
  A warg (D:9)
  Duvessa (D:6)
  2 acid dragons
  A water moccasin (D:7)
  7 orc warriors
  A black bear (D:9)
  A sky beast (D:11)
  3 phantoms
  2 ice beasts
  9 ogres
  3 wolves (D:8)
  18 centaurs
  2 big kobolds
  6 bullfrogs
  A gnoll sergeant (D:12)
  Dowan (D:6)
  5 scorpions
  14 wights
  3 killer bees (D:9)
  5 howler monkeys
  A centaur zombie (D:7)
  2 crimson imps
  3 bullfrog zombies
  6 jellies
  A quasit (D:5)
  An iron imp (Gauntlet)
  A gnoll shaman (D:7)
  21 orc wizards
  11 orc priests
  3 centaur skeletons
  5 hounds
  3 bullfrog skeletons
  7 iguanas
  6 worker ants
  2 worker ant zombies
  2 howler monkey skeletons
  12 adders
  14 gnolls
  4 shadow imps
  2 oozes
  7 worms
  2 dart slugs
  A leopard gecko (D:2)
  61 orcs
  2 ball pythons (D:4)
  7 bats
  A giant cockroach (D:4)
  8 goblins
  4 hobgoblins
  12 jackals
  11 kobolds
  A quokka (D:3)
  2 frilled lizards
  2 leopard gecko skeletons
  A leopard gecko zombie (D:7)
  10 rats
  11 plants (D:11)
412 creatures vanquished.

Vanquished Creatures (others)
  An orc (D:6)
  3 fungi (Gauntlet)
  2 plants (Gauntlet)
6 creatures vanquished.

Grand Total: 418 creatures vanquished

Notes
Turn   | Place    | Note
-------+----------+-------------------------------------------
     0 | D:1      | Borgoz the Kobold Gladiator began the quest for the Orb.
     0 | D:1      | Reached XP level 1. HP: 12/12 MP: 1/1
    53 | D:1      | Reached XP level 2. HP: 14/18 MP: 2/2
   615 | D:2      | Reached XP level 3. HP: 15/22 MP: 3/3
   626 | D:2      | Reached skill level 1 in Armour
  1037 | D:2      | Noticed Sigmund
  1051 | D:2      | Killed Sigmund
  1051 | D:2      | Reached skill level 5 in Short Blades
  1051 | D:2      | Reached XP level 4. HP: 28/28 MP: 4/4
  1051 | D:2      | Reached XP level 5. HP: 32/32 MP: 5/5
  1051 | D:2      | Reached XP level 6. HP: 37/37 MP: 6/6
  1331 | D:2      | Found a sacrificial altar of Ru.
  1333 | D:2      | Found a basalt altar of Yredelemnul.
  1539 | D:3      | Reached skill level 5 in Dodging
  1741 | D:3      | Found a sparkling altar of Nemelex Xobeh.
  1835 | D:3      | Noticed a moth of wrath
  1838 | D:3      | Found a bloodstained altar of Trog.
  2279 | D:4      | Reached XP level 7. HP: 40/43 MP: 7/7
  2283 | D:4      | Reached skill level 6 in Short Blades
  2650 | D:4      | Reached XP level 8. HP: 39/48 MP: 8/8
  2660 | D:4      | Reached skill level 5 in Fighting
  2691 | D:4      | Reached skill level 7 in Short Blades
  3304 | D:5      | Entered Level 5 of the Dungeon
  3403 | D:6      | Reached XP level 9. HP: 38/55 MP: 9/9
  3453 | D:5      | Found Syatiah's Gadget Shop.
  3472 | D:5      | Reached skill level 8 in Short Blades
  3751 | D:5      | Found Woaxuosu's Antique Armour Boutique.
  3785 | D:5      | Bought a pair of faintly humming gloves for 218 gold pieces
  3790 | D:5      | Identified the +1 pair of gloves of Ynimeleq {rPois Int+7
                  | Slay+2} (You bought it in a shop on level 5 of the Dungeon)
  3925 | D:6      | Found Daikorch's Gadget Shop.
  4012 | D:6      | Noticed Duvessa
  4012 | D:6      | Noticed Dowan
  4032 | D:6      | Killed Duvessa
  4043 | D:6      | Killed Dowan
  4078 | D:6      | Found Xolagruje's Assorted Antiques.
  4109 | D:6      | Found a sparkling altar of Nemelex Xobeh.
  4126 | D:6      | Found Pow Jomo's Gadget Shop.
  4222 | D:6      | Found Judiasush's Assorted Antiques.
  4412 | D:7      | Found a staircase to the Ecumenical Temple.
  4451 | Temple   | Entered the Ecumenical Temple
  4479 | Temple   | Became a worshipper of Ashenzari the Shackled
  4609 | D:7      | Reached skill level 9 in Short Blades
  4840 | D:7      | Reached skill level 5 in Armour
  4958 | D:7      | Reached XP level 10. HP: 63/63 MP: 10/10
  5226 | D:8      | Noticed Grum
  5241 | D:8      | Killed Grum
  5249 | D:8      | Reached skill level 10 in Short Blades
  5694 | D:8      | Noticed a two-headed ogre
  5704 | D:8      | Killed a two-headed ogre
  5978 | D:9      | Reached skill level 10 in Dodging
  6026 | D:9      | Found Ilyec's Distillery.
  6079 | D:9      | Reached XP level 11. HP: 34/69 MP: 11/11
  6125 | D:9      | Reached skill level 11 in Short Blades
  6217 | D:9      | Found a staircase to the Orcish Mines.
  6262 | D:9      | Reached * piety under Ashenzari
  6854 | D:9      | Found a stormy altar of Qazlal.
  6921 | D:10     | Entered Level 10 of the Dungeon
  6986 | D:10     | Noticed Psyche
  6997 | D:10     | Killed Psyche
  7573 | D:11     | Reached ** piety under Ashenzari
  7721 | D:11     | Noticed an oklob plant
  7938 | D:11     | Reached skill level 12 in Short Blades
  8136 | D:11     | Reached skill level 10 in Fighting
  8175 | D:11     | Found a staircase to the Lair.
  8508 | D:11     | Killed an oklob plant
  8508 | D:11     | Reached XP level 12. HP: 39/77 MP: 12/12
  8682 | D:12     | Found a gate leading to a gauntlet.
  8707 | D:12     | Noticed a two-headed ogre
  8711 | Gauntlet | Entered a Gauntlet
  8711 | Gauntlet | Found a transporter.
  8711 | Gauntlet | Found a transporter.
  8712 | Gauntlet | Found a transporter.
  8712 | Gauntlet | Found a transporter.
  8715 | Gauntlet | Found a transporter.
  8715 | Gauntlet | Found a transporter.
  8725 | Gauntlet | Found a transporter.
  8726 | Gauntlet | Found the +2 pair of boots of the Assassin {Detection Stab+
                  | Stlth++}
  8729 | Gauntlet | Found a transporter.
  8738 | Gauntlet | Noticed a blizzard demon
  8743 | Gauntlet | Found a transporter.
  8840 | Gauntlet | Found a transporter.
  8844 | Gauntlet | Found a transporter.
  8854 | Gauntlet | Found a transporter.
  8950 | Gauntlet | Got the cursed scale mail "Fynk" {Dex+2}
  9080 | Gauntlet | Got the uncursed pair of boots of the Sparrow {-Cast Dex+6}
  9137 | Gauntlet | Identified a scroll of acquirement
  9159 | Gauntlet | Identified the +1 pair of boots of the Sparrow {-Cast
                  | Dex+6} (You found it in a Gauntlet)
  9167 | Gauntlet | Noticed a minotaur
  9177 | Gauntlet | Killed a minotaur
  9285 | D:11     | Killed a two-headed ogre
  9354 | D:11     | Reached skill level 13 in Short Blades
  9765 | D:12     | Noticed a two-headed ogre
  9799 | D:12     | Noticed a two-headed ogre
  9813 | D:12     | Killed a two-headed ogre
  9961 | D:12     | Reached XP level 13. HP: 70/84 MP: 13/13
  9971 | D:12     | Found a snail-covered altar of Cheibriados.
 10350 | D:13     | Noticed a catoblepas
 10383 | D:13     | Killed a catoblepas
 10518 | D:13     | Noticed a centaur warrior
 10537 | D:13     | Killed a centaur warrior
 10640 | D:13     | Reached skill level 14 in Short Blades
 11297 | D:14     | Found Beapp's Distillery.
 11362 | D:14     | Found a gate to the Vaults.
 11366 | D:14     | Noticed Frances
 11480 | D:14     | Found Zong's Assorted Antiques.
 11488 | D:14     | Noticed Agnes
 11527 | D:14     | Slain by Agnes

Levels and vault maps discovered:
D:1:      evilmike_arrival_run_for_it, layout_basic
D:2:      layout_basic, minitemple, kennysheep_generic_room_8, uniq_sigmund
D:3:      layout_rooms, tgw_trog, nemelex_lonely_heart_becter
D:4:      layout_loops_ring, first_ration, nzn_random_ring
D:5:      layout_rooms, serial_shops, shop, shop, bh_chokoban, feat_on_display
D:6:      layout_loops_cross, nemelex_xobeh_ov_fountains_minmay, serial_shops,
          shop, shop, shop_fountains, kennysheep_mini, uniq_duvessa
D:7:      layout_basic, nicolae_overflow_hidden_temple,
          minmay_temple_entry_ruins
D:8:      layout_loops_cross, uniq_grum
D:9:      layout_grid_maze, lemuel_coloured_pillars_altar, erik_orc_4,
          serial_shops, shop, blue_anna_alchemist [blue_anna_fruit_fields,
          blue_anna_fruit_fields]
D:10:     layout_roguey, uniq_psyche
D:11:     layout_loops_cross, dpeg_oklobed_lair
D:12:     layout_cave_pools, gauntlet_entry_generic, cheibriados_altar_1
D:13:     layout_roguey
D:14:     layout_long_grid, david_vaults_2, serial_shops, shop,
          nicolae_shop_temple_entry_statues_fountains,
          nicolae_shop_overgrown_old_shop, shop, nicolae_shop_waterfront,
          hangedman_glass_teeth, nicolae_sextant, uniq_frances, uniq_agnes
Temple:   eino_wide_crystal_templ
Gauntlet: gammafunk_gauntlet_hard_choice [nicolae_gauntlet_arena_blocks,
          gammafunk_gauntlet_arena_crates, gammafunk_gauntlet_arena_spirals,
          nicolae_gauntlet_arena_flowing_pool,
          gammafunk_gauntlet_arena_arrow_garden,
          gammafunk_gauntlet_arena_corners, gauntlet_exit_hidden_loot]

Skill      XL: |  1  2  3  4  5  6  7  8  9 10 11 12 13 |
---------------+----------------------------------------+-----
Dodging        | 4 5 6 7 8 10 11 12 13 | 13.5
Armour         | 2 3 4 5 6 7 8 9 |  9.5
Fighting       | 3 4 6 7 8 10 11 12 | 12.2
Short Blades   | 5 6 7 9 10 12 13 14 | 14.5
Throwing       | |  2.1

Action                   |  1- 3 |  4- 6 |  7- 9 | 10-12 | 13-15 || total
-------------------------+-------+-------+-------+-------+-------++-------
Melee: Rapier            |    35 |       |       |       |       ||    35
       Dagger            |    40 |   133 |   380 |  1078 |   305 ||  1936
Throw: Throwing net      |       |       |     5 |     9 |     1 ||    15
  Use: Scroll            |     2 |     4 |     4 |    14 |     3 ||    27
       Potion            |     1 |       |     2 |     5 |     4 ||    12
 Stab: Held in net/web   |       |       |     3 |     5 |     1 ||     9
       Sleeping          |       |       |       |       |     6 ||     6
       Petrified         |       |       |       |       |     2 ||     2
  Eat: Chunk             |     9 |     4 |     9 |    16 |     5 ||    43
Armor: Leather armour    |     3 |       |       |       |       ||     3
       Ring mail         |    11 |    29 |    52 |    82 |       ||   174
       Steam dragon scal |       |       |       |    52 |    45 ||    97
Dodge: Dodged            |    54 |    71 |   205 |   654 |   203 ||  1187

Table legend:
 A = Non-vault XP
 B = Vault XP
 C = Vault XP percentage of total XP
 D = Non-vault monster count
 E = Vault monster count
 F = Vault count percentage of total count
                 A         B        C        D         E       F
            +---------+---------+-------+---------+---------+-------
      Total |   32755 |    7976 |  19.6 |     343 |      59 |  14.7
            +---------+---------+-------+---------+---------+-------
        D:1 |      20 |       5 |  20.0 |      14 |       1 |   6.7
        D:2 |      40 |     236 |  85.5 |      17 |       2 |  10.5
        D:3 |     120 |      17 |  12.4 |      24 |       5 |  17.2
        D:4 |     905 |     558 |  38.1 |      32 |      12 |  27.3
        D:5 |     272 |       0 |   0.0 |      11 |       0 |   0.0
        D:6 |     339 |     238 |  41.2 |       7 |       2 |  22.2
        D:7 |    1771 |       0 |   0.0 |      39 |       0 |   0.0
        D:8 |    2184 |     545 |  20.0 |      22 |       4 |  15.4
        D:9 |    1218 |     663 |  35.2 |      23 |      19 |  45.2
       D:10 |     710 |     418 |  37.1 |      14 |       1 |   6.7
       D:11 |    9163 |     572 |   5.9 |      71 |       1 |   1.4
       D:12 |    5045 |       0 |   0.0 |      27 |       0 |   0.0
       D:13 |    5185 |       0 |   0.0 |      20 |       0 |   0.0
       D:14 |    5783 |     932 |  13.9 |      22 |       1 |   4.3
   Gauntlet |       0 |    3792 | 100.0 |       0 |      11 | 100.0
            +---------+---------+-------+---------+---------+-------
